 Dungeon Crawl Stone Soup version 0.26-a0-661-g406de6ba63 (webtiles) character file.

Game seed: 5499882318761863883

17692 strifetoe the Transmogrifier (level 12, -4/93 HPs)
             Began as a Palentonga Hedge Wizard on Oct 5, 2020.
             Was a Priest of Hepliaklqana.
             Slain by an elephant (9 damage)
             ... on level 2 of the Lair of Beasts on Oct 8, 2020.
             The game lasted 00:57:02 (25560 turns).

strifetoe the Transmogrifier (PaWz)                Turns: 25560, Time: 00:57:02

Health: -4/93      AC:  9    Str: 16    XL:     12   Next: 21%
Magic:  21/21      EV: 11    Int: 26    God:    Hepliaklqana [***...]
Gold:   477        SH:  5    Dex: 15    Spells: 4/23 levels left

rFire    . . .     SeeInvis +   L - +1 mace "Xeodihorph" {speed, *Drain rC+ rN+ Int+3} (curse)
rCold    + + +     Faith    .   v - +0 buckler
rNeg     + . .     Spirit   .   c - +1 robe of Action {Dex+5}
rPois    .         Reflect  .   (helmet currently unavailable)
rElec    +         Harm     .   K - +2 cloak of Funeisy {*Slow +Inv rElec rC+++}
rCorr    .         Rampage  .   i - +0 pair of gloves
MR       .....                  (no barding)
Stlth    ++........             E - amulet of magic regeneration
HPRegen  0.25/turn              p - +6 ring of intelligence
MPRegen  0.42/turn              (no ring)

@: appendages (expiring)
A: large, reduced essence, horns 2, talons 2, rugged brown scales 3, see
invisible, deformed body, roll, armoured tail
a: Rolling Charge, End Transformation, Recall Ancestor, Ancestor Identity,
Transference, Renounce Religion, Evoke Invisibility


You were on level 2 of the Lair of Beasts.
You worshipped Hepliaklqana.
Hepliaklqana was most pleased with you.
You had grown temporary horns.
You had grown temporary talons.
You visited 2 branches of the dungeon, and saw 14 of its levels.

You collected 1086 gold pieces.
You spent 609 gold pieces at shops.

Inventory:

Hand Weapons
 y - a +1 vorpal flail
 I - a cursed +5 morningstar of freezing
 L - the cursed +1 mace "Xeodihorph" (weapon) {speed, *Drain rC+ rN+ Int+3}
   (You bought it in a shop on level 5 of the Dungeon)

   Attacks with this weapon are significantly faster.
   It affects your intelligence (+3).
   It protects you from cold.
   It protects you from negative energy.
   It causes draining when unequipped.
   It has a curse placed upon it.
Armour
 c - the +1 robe of Action (worn) {Dex+5}
   (You bought it in a shop on level 5 of the Dungeon)

   It affects your dexterity (+5).
 i - a +0 pair of gloves (worn)
 r - a +3 chain mail of cold resistance
 v - a +0 buckler (worn)
 B - a +2 hat (melded)
 J - the +2 ring mail of Geseamom {*Drain MP+9 SInv}
   (You found it on level 9 of the Dungeon)

   It affects your magic capacity (+9).
   It lets you see invisible.
   It causes draining when unequipped.
 K - the +2 cloak of Funeisy (worn) {*Slow +Inv rElec rC+++}
   (You found it on level 12 of the Dungeon)

   It renders you almost immune to cold.
   It insulates you from electricity.
   It lets you turn invisible.
   It may slow you when you take damage.
Magical Staves
 C - an uncursed staff of death
Jewellery
 p - a +6 ring of intelligence (left hand)
 E - an amulet of magic regeneration (around neck)
Wands
 a - a wand of polymorph (27)
 m - a wand of acid (9)
 s - a wand of digging (14)
 H - a wand of iceblast (6)
Scrolls
 d - 4 scrolls of enchant armour
 e - 3 scrolls of identify
 j - a scroll of fog
 n - a scroll of fear
 o - 9 scrolls of teleportation
 w - 7 scrolls of remove curse
 A - 2 scrolls of immolation
 M - a scroll of enchant weapon
Potions
 f - 4 potions of invisibility
 g - a potion of heal wounds
 h - 3 potions of curing
 k - 5 potions of stabbing
 l - a potion of ambrosia
 q - a potion of might
 t - a potion of magic
 u - 4 potions of brilliance
 z - 3 potions of lignification
 F - a potion of mutation
 G - 2 potions of resistance
Miscellaneous
 b - a lightning rod (3/4)


   Skills:
 - Level 6.0 Fighting
 - Level 4.0 Maces & Flails
 - Level 3.5 Armour
 - Level 3.7 Dodging
 - Level 1.2 Stealth
 - Level 4.2 Shields
 + Level 4.2 Unarmed Combat
 - Level 6.2 Spellcasting
 - Level 8.4 Conjurations
 - Level 2.0 Summonings
 - Level 6.1 Translocations
 - Level 8.8 Transmutations
 - Level 2.0 Fire Magic
 - Level 3.0 Air Magic
 - Level 2.1 Poison Magic


You had 4 spell levels left.
You knew the following spells:

 Your Spells              Type           Power        Failure   Level
a - Magic Dart            Conj           ####         1%          1
b - Call Imp              Summ           ###.....     4%          2
c - Conjure Flame         Conj/Fire      #####...     2%          3
d - Mephitic Cloud        Conj/Pois/Air  ####....     3%          3
e - Iskenderun's Mystic   Conj/Tloc      #####...     3%          4
f - Blink                 Tloc           N/A          1%          2
g - Beastly Appendage     Tmut           ######       1%          1
h - Spider Form           Tmut/Pois      #####.....   2%          3

Your spell library contained the following spells:

 Spells                   Type           Power        Failure   Level
 Foxfire                  Conj/Fire      ####         1%          1
 Searing Ray              Conj           ######       1%          2
 Wereblood                Tmut           ######..     1%          2
 Dazzling Flash           Conj/Hex       ####..       3%          3
 Ignite Poison            Fire/Tmut/Pois ####....     3%          3
 Freeze                   Ice            #...         7%          1
 Sticky Flame             Conj/Fire      #####...     8%          4
 Slow                     Hex            #.......     11%         2
 Ice Form                 Ice/Tmut       ####....     11%         4
 Fulminant Prism          Conj/Hex       ####......   12%         4
 Hailstorm                Conj/Ice       ####....     12%         4
 Inner Flame              Hex/Fire       ##......     13%         3
 Frozen Ramparts          Ice            #.....       21%         3
 Ozocubu's Armour         Ice            #.......     21%         3
 Summon Ice Beast         Ice/Summ       ##......     41%         4
 Blade Hands              Tmut           ######....   4%          5
 Fireball                 Conj/Fire      #####.....   22%         5
 Starburst                Conj/Fire      #####.....   75%         6
 Ignition                 Fire           ###.......   100%        8


Dungeon Overview and Level Annotations

Branches:
Dungeon (12/15)            Temple (0/1) D:7            Lair (1/6) D:11
    Orc (0/2) D:11

Altars:
Dithmenos
Gozag
Hepliaklqana
Kikubaaqudgha
Okawaru
Qazlal
Sif Muna
Trog
Xom
Yredelemnul

Shops:
D:5 !!([   D:12 [

Annotations:
D:3 exclusion: downstairs
D:5 2 runed translucent doors
D:7 exclusion: downstairs
D:11 exclusion: downstairs
D:12 Skitler's ghost, journeyman FoFi


Innate Abilities, Weirdness & Mutations

You are completely covered in rugged brown scales. (AC +3, +7% HP)
You have supernaturally acute eyesight. (SInv)
Armour fits poorly on your strangely shaped body.
You can roll at foes to attack.
You have a long armoured tail.
Your life essence is reduced to manifest your ancestor. (-10% HP)
You have a pair of horns on your head.
You have razor-sharp toenails.


Message History

You hold your ground!
The elephant trunk-slaps you but does no damage.
You block the elephant's attack.
The elephant trunk-slaps you but does no damage.
Devlin Arcanus casts a spell at the elephant.
The puff of frost hits the elephant!
You hit the elephant but do no damage.
You claw the elephant, but do no damage.
The elephant is severely wounded.
The elephant tramples you!
* * * LOW HITPOINT WARNING * * *
You hold your ground!
The elephant trunk-slaps you.
* * * LOW HITPOINT WARNING * * *
You hit the elephant. You headbutt the elephant.
The elephant is severely wounded.
The elephant tramples you but does no damage.
The elephant trunk-slaps you but does no damage.
Devlin Arcanus points at the elephant and mumbles some strange words.
The puff of frost hits the elephant!
The elephant tramples you!
You die...

.##..###P...#.##
...............#
...............#
#..............#
##.............#
P#.............#
...............############
...>...........YR÷.........
...............Y@##..##P..
...............####### #.
..............#.######...
.........................
.........................
##.P#............Y##P#.#.
###..÷.....(.....# #
..............>...Y.$....
.........................


You could see the friendly Devlin Arcanus the battlemage and 2 elephants.

Vanquished Creatures
  Harold (D:8)
  A two-headed ogre (D:8)
  An unseen horror (D:12)
  An ugly thing (D:12)
  2 cyclopes
  An elephant (Lair:2)
  A gargoyle (D:12)
  A troll (D:8)
  Prince Ribbit (D:5)
  Grinder (D:5)
  3 centaur simulacra (D:12)
  14 yaks
  A basilisk (D:11)
  A redback simulacrum (D:12)
  A steam dragon (D:10)
  A warg (D:10)
  Edmund (D:4)
  2 water moccasins
  A spectral hornet (D:12)
  A hornet zombie (D:12)
  7 orc warriors
  A necrophage (D:8)
  2 phantoms
  5 centaurs
  2 ogres
  A big kobold (D:8)
  4 bullfrogs
  A hornet simulacrum (D:12)
  3 killer bees
  A wight (D:11)
  A howler monkey (D:9)
  2 bullfrog zombies
  A quasit (D:12)
  3 jellies
  3 hounds
  7 orc priests
  2 bullfrog skeletons
  2 centaur skeletons
  A battlemage (D:12)
  3 iguanas
  7 orc wizards
  5 worker ants
  2 hound zombies
  A worker ant zombie (D:6)
  An ancestor (D:5)
  2 gnolls
  2 howler monkey skeletons
  6 adders
  2 shadow imps
  4 white imps
  3 ufetubi
  3 adder skeletons
  4 worms (D:2)
  8 leopard geckos
  11 orcs
  2 bat zombies (D:5)
  5 giant cockroaches
  10 goblins
  4 hobgoblins
  6 jackals
  14 kobolds
  2 quokkas
  A ball python (D:2)
  7 bats
  4 frilled lizards
  A jackal zombie (D:7)
  A leopard gecko skeleton (D:5)
  2 leopard gecko zombies (D:6)
  2 quokka skeletons
  A quokka zombie (D:5)
  12 rats
  A spectral orc (D:3)
225 creatures vanquished.

Vanquished Creatures (collateral kills)
  A two-headed ogre (D:9)
  An oklob plant (D:11)
  A spectral centaur (D:11)
  2 elephants (Lair:2)
  A centaur zombie (D:12)
  A black mamba (D:11)
  A cane toad (D:11)
  Maggie (D:9)
  A troll (D:12)
  Sigmund (D:4)
  A shadow (D:11)
  A wraith (D:10)
  7 yaks
  A warg (D:11)
  A water moccasin (Lair:1)
  A sky beast (D:8)
  A black bear (D:12)
  3 ogres
  A centaur (D:10)
  2 big kobolds (D:8)
  7 bullfrogs
  3 scorpions
  A water moccasin skeleton (D:9)
  A killer bee (D:5)
  8 wights
  A vampire bat (D:5)
  A hound (D:7)
  4 orc wizards (D:6)
  4 orc priests
  A centaur skeleton (D:4)
  A bullfrog skeleton (D:9)
  A worker ant (D:11)
  A worker ant zombie (D:6)
  2 gnolls (D:4)
  6 adders
  A shadow imp (D:10)
  A white imp (D:7)
  2 leopard geckos
  18 orcs
  A bat skeleton (D:5)
  A bat zombie (D:5)
  A giant cockroach (D:3)
  A jackal (D:10)
  A quokka (D:5)
  3 kobolds
102 creatures vanquished.

Vanquished Creatures (others)
  8 battlemagi
  An adder (D:12)
  10 ancestors
  2 fungi
  8 plants (D:11)
29 creatures vanquished.

Grand Total: 356 creatures vanquished

Notes
Turn   | Place    | Note
-------+----------+-------------------------------------------
     0 | D:1      | strifetoe the Palentonga Hedge Wizard began the quest for
                  | the Orb.
     0 | D:1      | Reached XP level 1. HP: 14/14 MP: 4/4
    44 | D:1      | Reached skill level 1 in Conjurations
   420 | D:1      | Reached XP level 2. HP: 21/21 MP: 4/6
  1704 | D:2      | Found a shimmering blue altar of Sif Muna.
  1712 | D:2      | Reached XP level 3. HP: 25/27 MP: 7/7
  2070 | D:2      | Noticed a moth of wrath
  2073 | D:2      | Found a bloodstained altar of Trog.
  3321 | D:3      | Reached XP level 4. HP: 35/35 MP: 4/8
  3326 | D:3      | Learned a level 2 spell: Call Imp
  3330 | D:3      | Learned a level 3 spell: Conjure Flame
  3722 | D:3      | Reached skill level 1 in Summonings
  4163 | D:3      | Reached skill level 1 in Fire Magic
  4762 | D:3      | Found a basalt altar of Yredelemnul.
  4779 | D:3      | Learned a level 3 spell: Mephitic Cloud
  5246 | D:3      | Found a hazy altar of Hepliaklqana.
  5249 | D:3      | Found a shadowy altar of Dithmenos.
  5249 | D:3      | Noticed a shadow
  5373 | D:4      | Reached XP level 5. HP: 33/40 MP: 1/9
  5538 | D:4      | Found a stormy altar of Qazlal.
  5707 | D:3      | Became a worshipper of Hepliaklqana the Forgotten
  5755 | D:4      | Noticed Sigmund
  5768 | D:4      | Reached skill level 1 in Air Magic
  5775 | D:4      | Killed Sigmund
  5775 | D:4      | Reached XP level 6. HP: 18/43 MP: 3/10
  6137 | D:4      | Found an iron altar of Okawaru.
  6256 | D:4      | Noticed Edmund
  6811 | D:4      | Killed Edmund
  7083 | D:4      | Reached XP level 7. HP: 48/48 MP: 1/12
  7402 | D:5      | Entered Level 5 of the Dungeon
  7798 | D:5      | Found an ancient bone altar of Kikubaaqudgha.
  7839 | D:5      | Found Uliriet's Distillery.
  7847 | D:5      | Bought a potion of heal wounds for 60 gold pieces
  7857 | D:5      | Noticed Prince Ribbit
  7871 | D:5      | Killed Prince Ribbit
  8152 | D:5      | Found Kanohuix's Distillery.
  8159 | D:5      | Bought a potion of curing for 42 gold pieces
  8159 | D:5      | Bought 2 potions of heal wounds for 140 gold pieces
  8311 | D:5      | Reached XP level 8. HP: 57/61 MP: 9/14
  8359 | D:5      | Noticed Grinder
  8389 | D:5      | Paralysed by Grinder for 5 turns
  8399 | D:5      | Paralysed by Grinder for 6 turns
  8407 | D:5      | Killed Grinder
  8407 | D:5      | Reached skill level 1 in Armour
  8407 | D:5      | Reached skill level 1 in Shields
  8596 | D:5      | Found Foec's Antique Weapon Emporium.
  8733 | D:5      | Found a large runed translucent door.
  8737 | D:5      | Found a large runed translucent door.
  8745 | D:5      | Found a large runed translucent door.
  8745 | D:5      | Found a large runed translucent door.
  8755 | D:5      | Found Qiotua Vuoga's Antique Armour Emporium.
  9601 | D:5      | Reached * piety under Hepliaklqana
 10815 | D:5      | Reached XP level 9. HP: 40/66 MP: 8/15
 11059 | D:6      | Reached skill level 5 in Conjurations
 11741 | D:6      | Found a shimmering altar of Xom.
 11993 | D:6      | Reached skill level 5 in Spellcasting
 12743 | D:7      | Learned a level 4 spell: Iskenderun's Mystic Blast
 12832 | D:7      | Found a staircase to the Ecumenical Temple.
 14349 | D:8      | Noticed Harold
 14869 | D:8      | Noticed a two-headed ogre
 14875 | D:8      | Noticed a troll
 14883 | D:8      | Killed a two-headed ogre
 14883 | D:8      | Reached skill level 5 in Translocations
 14892 | D:8      | Killed a troll
 14892 | D:8      | Reached XP level 10. HP: 11/74 MP: 10/17
 15241 | D:5      | Bought a brightly glowing robe for 159 gold pieces
 15251 | D:5      | Identified the +1 robe of Action {Dex+5} (You bought it in
                  | a shop on level 5 of the Dungeon)
 15576 | D:8      | Found a shadowy altar of Dithmenos.
 15704 | D:8      | Learned a level 2 spell: Blink
 15827 | D:8      | Killed Harold
 16169 | D:8      | Found an opulent altar of Gozag.
 16550 | D:9      | Noticed Maggie
 17108 | D:9      | Killed Maggie
 17260 | D:9      | Noticed a two-headed ogre
 17287 | D:9      | Killed a two-headed ogre
 17326 | D:9      | Learned a level 1 spell: Beastly Appendage
 17401 | D:9      | Reached ** piety under Hepliaklqana
 17514 | D:9      | Got a jewelled ring mail
 17743 | D:5      | Bought a scorched mace for 208 gold pieces
 17745 | D:5      | Identified the cursed +1 mace "Xeodihorph" {speed, *Drain
                  | rC+ rN+ Int+3} (You bought it in a shop on level 5 of the
                  | Dungeon)
 17751 | D:5      | Identified the +2 ring mail of Geseamom {*Drain MP+9 SInv}
                  | (You found it on level 9 of the Dungeon)
 17880 | D:10     | Entered Level 10 of the Dungeon
 18026 | D:10     | Learned a level 3 spell: Spider Form
 18180 | D:10     | Reached skill level 1 in Transmutations
 18615 | D:10     | Remembered your ancestor Devlin Arcanus as a battlemage
 19509 | D:11     | Reached XP level 11. HP: 69/82 MP: 17/20
 19570 | D:11     | Reached *** piety under Hepliaklqana
 19571 | D:11     | Found a staircase to the Orcish Mines.
 20531 | D:11     | Found a staircase to the Lair.
 20541 | D:11     | Noticed an oklob plant
 21025 | D:12     | Noticed an unseen horror
 21037 | D:12     | Killed an unseen horror
 21037 | D:12     | Reached skill level 5 in Fighting
 21378 | D:12     | Noticed a fire dragon
 21907 | D:12     | Found Tauc's Antique Armour Shoppe.
 21910 | D:12     | Noticed a green ugly thing
 21921 | D:12     | Killed a green ugly thing
 22664 | D:12     | Reached skill level 5 in Transmutations
 22702 | D:12     | Found a runed translucent gate.
 22705 | D:12     | Found a runed translucent gate.
 22705 | D:12     | Found a runed translucent gate.
 22707 | D:12     | Noticed Skitler's ghost (journeyman FoFi)
 22757 | D:12     | Reached **** piety under Hepliaklqana
 23411 | D:12     | Got a shimmering cloak
 23456 | D:11     | Identified the +2 cloak of Funeisy {*Slow +Inv rElec rC+++}
                  | (You found it on level 12 of the Dungeon)
 23475 | D:11     | Upgraded the game from 0.26-a0-660-gc07710193c to
                  | 0.26-a0-661-g406de6ba63
 23748 | D:11     | Killed an oklob plant
 23914 | Lair:1   | Entered Level 1 of the Lair of Beasts
 24639 | D:11     | Reached XP level 12. HP: 49/93 MP: 21/21
 25163 | Lair:1   | You fall into a shaft and drop 1 floor!
 25203 | Lair:2   | Reached skill level 1 in Unarmed Combat
 25560 | Lair:2   | Slain by an elephant

Illustrated notes

Levels and vault maps discovered:
D:1:      dpeg_arrival_pits, layout_basic
D:2:      minmay_recursive_quarters, layout_basic, old_standard_altar,
          skrybe_limestone_x, st_stairs_5, tgw_trog
D:3:      layout_basic, riverfiend_overflow_shadow_ancestor,
          yredelemnul_forgotten_temple_becter, grunt_ministairs_9
D:4:      layout_loops_ring, lemuel_doored_altar, lemuel_round_altar,
          uniq_sigmund, uniq_edmund
D:5:      layout_basic, kennysheep_vampire_church, serial_shops, shop,
          nicolae_shop_waterfront, nicolae_shop_statue_plus,
          nicolae_shop_waterfront, minmay_misc_feat_encased, grunt_ministairs_5,
          minmay_hollow_rounded_squares, uniq_prince_ribbit1, uniq_grinder
D:6:      layout_basic, marbit_many_paths
D:7:      layout_loops_ring, minmay_temple_entry_hall, kennysheep_nondescript,
          kennysheep_potato
D:8:      layout_rooms, kennysheep_little_box,
          nicolae_dithmenos_through_a_glass_darkly, uniq_harold
D:9:      layout_big_octagon, uniq_maggie
D:10:     layout_stronghold
D:11:     layout_basic, dpeg_oklobed_lair, minmay_orc_entry_guard_dogs
D:12:     dragon1_lemuel, layout_basic, enter_bailey_2,
          gammafunk_ghost_necromancy, serial_shops, shop, minivault_5,
          minmay_diced_spiral
Lair:1:   layout_cellular_growth
Lair:2:   lemuel_reptile_caves, layout_long_grid, minmay_swamp_entry_worms,
          tgw_fedhas

Skill      XL: |  1  2  3  4  5  6  7  8  9 10 11 12 |
---------------+-------------------------------------+-----
Conjurations   | 1 2 3 4 6 8 |  8.4
Summonings     | 1 2 |  2.0
Fire Magic     | 1 2 |  2.0
Air Magic      | 2 3 |  3.0
Poison Magic   | 2 |  2.1
Spellcasting   | 4 5 6 |  6.2
Fighting       | 3 4 6 |  6.0
Maces & Flails | 2 4 |  4.0
Armour         | 1 2 3 |  3.5
Shields        | 4 |  4.2
Dodging        | 2 3 |  3.7
Translocations | 5 6 |  6.1
Transmutations | 2 8 |  8.8
Unarmed Combat | 4 |  4.2
Stealth        | |  1.2

Action                   |  1- 3 |  4- 6 |  7- 9 | 10-12 || total
-------------------------+-------+-------+-------+-------++-------
Melee: Dagger            |    49 |       |       |       ||    49
       Tailslap          |    13 |    10 |    33 |    83 ||   139
       Short sword       |    98 |   105 |    26 |       ||   229
       Flail             |       |       |   300 |    60 ||   360
       Mace              |       |       |       |   342 ||   342
       Unarmed           |       |       |       |    12 ||    12
       Headbutt          |       |       |       |    21 ||    21
       Kick              |       |       |       |    31 ||    31
 Cast: Magic Dart        |    36 |    39 |    37 |    69 ||   181
       Call Imp          |       |    21 |    30 |     7 ||    58
       Mephitic Cloud    |       |     1 |    13 |    23 ||    37
       Conjure Flame     |       |       |    16 |     6 ||    22
       Iskenderun's Myst |       |       |       |     7 ||     7
       Blink             |       |       |       |     2 ||     2
       Beastly Appendage |       |       |       |     7 ||     7
       Spider Form       |       |       |       |     1 ||     1
Invok: Recall Ancestor   |       |       |       |     2 ||     2
       Ancestor Life: Ba |       |       |       |     1 ||     1
       Ancestor Identity |       |       |       |     2 ||     2
       Idealise          |       |       |       |     1 ||     1
Evoke: Wand              |       |     5 |     3 |     1 ||     9
       Lightning rod     |       |       |       |     4 ||     4
  Use: Scroll            |       |       |    12 |    17 ||    29
       Potion            |       |       |     7 |     1 ||     8
 Stab: Sleeping          |       |     2 |     4 |     1 ||     7
       Paralysed         |       |     6 |       |       ||     6
       Confused          |       |       |     6 |     6 ||    12
       Distracted        |       |       |     3 |     6 ||     9
Armor: Robe              |    79 |    49 |    98 |   114 ||   340
       Skin              |       |       |     1 |       ||     1
Dodge: Dodged            |   111 |    70 |   180 |   187 ||   548
Block: Buckler           |       |       |    46 |   101 ||   147

Table legend: (Time is in decaauts)
 A = Elapsed time spent in this place.
 B = Non-inter-level travel time spent in this place.
 C = Inter-level travel time spent in this place.
 D = Time resting spent in this place.
 E = Time spent auto-exploring this place.
 F = Levels seen in this place.
 G = Mean time per level.
                   A        B        C        D        E       F      G
               +--------+--------+--------+--------+--------+-----+--------+
         Total |  25625 |  24476 |   1149 |  11037 |   9120 |  14 | 1830.4 |
       Dungeon |  24984 |  23835 |   1149 |  10762 |   8890 |  12 | 2082.0 |
          Lair |    641 |    641 |      0 |    275 |    230 |   2 |  320.5 |
               +--------+--------+--------+--------+--------+-----+--------+

Top non-repeatable levels by time:
     D:5: 2775 daAuts
    D:11: 2702 daAuts
     D:3: 2663 daAuts
     D:7: 2641 daAuts
    D:12: 2478 daAuts
     D:2: 2220 daAuts
     D:4: 2145 daAuts
     D:8: 2013 daAuts
     D:6: 1888 daAuts
    D:10: 1800 daAuts
     D:1: 1077 daAuts
     D:9: 577 daAuts
  Lair:2: 384 daAuts
  Lair:1: 256 daAuts
